 Dungeon Crawl Stone Soup version 0.31-a0-431-g88bdf31460 (webtiles) character file.

Game seed: 12363574551916353667

50 drugrobin the Sneak (level 3, -2/30 HPs)
             Began as a Demigod Delver on July 31, 2023.
             Slain by a kobold brigand
             ... wielding a +0 short sword
              (5 damage)
             ... in a sewer.
             The game lasted 00:03:14 (595 turns).

drugrobin the Sneak (Demigod Delver)                 Turns: 595, Time: 00:03:15

Health: -2/30      AC:  6    Str: 20    XL:     3   Next: 35%
Magic:  5/5        EV: 10    Int: 15    God:
Gold:   21         SH:  0    Dex: 13    Spells: 2/2 levels left

rFire   + . .        b - +0 whip (flame)
rCold   . . .        (no shield)
rNeg    . . .        k - +0 scale mail
rPois   .            (no helmet)
rElec   .            (no cloak)
rCorr   .            (no gloves)
SInv    .            (no boots)
Will    .....        (no amulet)
Stlth   +            (no ring)
HPRegen 0.25/turn    (no ring)
MPRegen 0.09/turn

%: no passive effects
@: invisible
A: high MP 1, forlorn, divine attributes, clever 1, fire resistance 1, strong 1
a: no special abilities


You were in a sewer.
You visited 1 branch of the dungeon, and saw 3 of its levels.
You also visited: Sewer.

You collected 21 gold pieces.

Inventory:

Hand Weapons
 a - a +0 hand axe
 b - a +0 whip of flaming (weapon)
Armour
 i - a +0 leather armour
 k - a +0 scale mail (worn)
Wands
 g - a wand of digging (3)
Scrolls
 e - a scroll of fear
Potions
 f - a potion of haste


   Skills:
 - Level 2.6 Fighting
 + Level 3.6 Axes
 - Level 1.7 Dodging
 - Level 4.5 Stealth


You had 2 spell levels left.
You didn't know any spells.
Your spell library was empty.

Dungeon Overview and Level Annotations

Branches:
Dungeon (5/15)              Sewer (1/1)
 Temple: D:4-7

Annotations:
D:5 exclusions: adder and howler monkey


Innate Abilities, Weirdness & Mutations

You have an increased reservoir of magic. (+10% MP)
You shall have no god before yourself.
Your divine heritage dramatically boosts your attributes as you level up.
Your mind is acute. (Int +4, Str/Dex -1)
Your flesh is heat resistant. (rF+)
Your muscles are strong. (Str +4, Int/Dex -1)


Message History

You closely miss the kobold brigand.
The kobold brigand is moderately wounded.
The kobold brigand closely misses you.
You closely miss the kobold brigand.
The kobold brigand is lightly wounded.
The kobold brigand hits you but does no damage.
You miss the kobold brigand.
The kobold brigand is lightly wounded.
The kobold brigand hits you with a +0 short sword.
You miss the kobold brigand.
The kobold brigand is lightly wounded.
The kobold brigand hits you with a +0 short sword!
You barely miss the kobold brigand.
The kobold brigand is lightly wounded.
The kobold brigand hits you but does no damage.
You barely miss the kobold brigand.
The kobold brigand is lightly wounded.
The kobold brigand hits you but does no damage.
You closely miss the kobold brigand.
The kobold brigand is lightly wounded.
The kobold brigand hits you with a +0 short sword.
You hit the kobold brigand. You burn the kobold brigand.
The kobold brigand is moderately wounded.
The kobold brigand hits you with a +0 short sword.
* * * LOW HITPOINT WARNING * * *
It was a potion of invisibility.
You fade into invisibility!
The kobold brigand hits you but does no damage.
Unknown command.
Unknown command.
You hit the kobold brigand. You burn the kobold brigand.
The kobold brigand is moderately wounded.
The kobold brigand hits you with a +0 short sword.
* * * LOW HITPOINT WARNING * * *
Unknown command.
Unknown command.
It was a potion of mutation.
You feel extremely strange.
You feel resistant to heat.
You feel clever.
You feel stronger.
The kobold brigand hits you with a +0 short sword.
You die...

~...#~#~~.~
##~.~.~~..#
##.~~§§§.#
#...~§§§#
#.~~.§§#
#...##########
#P..~~~~~~~~~#
#.KP##########
#..@.....P###
##..†∩∩...P.#
#≈≈....#~#PP#
#≈≈≈≈≈.#~# P#
##≈≈≈≈≈#~#
#≈≈≈≈≈#~#
###≈≈≈#~#
#######


You could see a kobold brigand (unable to see you).

Vanquished Creatures
  3 river rats
  2 worms (D:4)
  3 orcs
  An endoplasm (D:4)
  A hobgoblin (D:3)
  A kobold (D:4)
  A quokka (D:5)
  4 rats
16 creatures vanquished.

Notes
Turn   | Place    | Note
-------+----------+-------------------------------------------
     0 | D:5      | drugrobin the Demigod Delver began the quest for the Orb.
     0 | D:5      | Reached XP level 1. HP: 18/18 MP: 3/3
    60 | D:5      | Noticed a howler monkey
   120 | D:5      | Noticed a jelly
   312 | D:5      | Noticed a scorpion
   367 | D:3      | Noticed an orc wizard
   381 | D:4      | Reached XP level 2. HP: 19/25 MP: 4/4
   419 | D:4      | Found a glowing drain.
   467 | D:4      | Reached XP level 3. HP: 28/30 MP: 5/5
   496 | Sewer    | Entered a sewer
   563 | Sewer    | Noticed a kobold brigand
   595 | Sewer    | Gained mutation: Your flesh is heat resistant. (rF+)
                  | [potion of mutation]
   595 | Sewer    | Gained mutation: Your mind is acute. (Int +4, Str/Dex -1)
                  | [potion of mutation]
   595 | Sewer    | Gained mutation: Your muscles are strong. (Str +4, Int/Dex
                  | -1) [potion of mutation]
   595 | Sewer    | Slain by a kobold brigand

Illustrated notes

Levels and vault maps discovered:
D:3:      layout_loops_ring, mainiacjoe_overflow_paths, lemuel_crystal_altar,
          serial_bayou_pond_e, uniq_ijyb
D:4:      layout_loops_cross, mainiacjoe_overflow_cross_hatched,
          mainiacjoe_overflow_small_starburst, portal_sewer_entry_b,
          minivault_27
D:5:      layout_basic
Sewer:    sewer_co_scattered_pipes

Skill      XL: |  1  2 |
---------------+-------+-----
Axes           | 2 3 |  3.6
Fighting       | |  2.6
Dodging        | |  1.7
Stealth        | |  4.5

Action                     || total
---------------------------++-------
  Melee: Whip              ||    75
         Hand axe          ||     8
  Throw: Dart              ||     6
    Use: Scroll            ||     2
         Potion            ||     2
   Stab: Sleeping          ||     3
 Armour: Leather armour    ||     3
         Scale mail        ||    13
  Dodge: Dodged            ||    39

Table legend: (Time is in decaauts)
 A = Elapsed time spent in this place.
 B = Non-inter-level travel time spent in this place.
 C = Inter-level travel time spent in this place.
 D = Time resting spent in this place.
 E = Time spent auto-exploring this place.
 F = Levels seen in this place.
 G = Mean time per level.
                   A        B        C        D        E       F      G
               +--------+--------+--------+--------+--------+-----+--------+
         Total |    608 |    608 |      0 |     34 |     58 |   4 |  152.0 |
       Dungeon |    500 |    500 |      0 |     34 |     32 |   3 |  166.7 |
         Sewer |    107 |    107 |      0 |      0 |     26 |   1 |  107.0 |
               +--------+--------+--------+--------+--------+-----+--------+

Top non-repeatable levels by time:
     D:5: 257 daAuts
     D:4: 219 daAuts
   Sewer: 107 daAuts
     D:3: 24 daAuts
